 Dungeon Crawl Stone Soup version 0.30-a0-859-gf88a04b62d (webtiles) character file.

Game seed: 11642063211715987042

179 Mickster the Chopper (level 5, -3/45 HPs)
             Began as a Demigod Fighter on Mar 6, 2023.
             Killed by divine providence
             ... invoked by an orc priest
              (13 damage)
             ... on level 5 of the Dungeon.
             The game lasted 00:19:42 (1913 turns).

Mickster the Chopper (Demigod Fighter)              Turns: 1913, Time: 00:19:43

Health: -3/45      AC: 13    Str: 21    XL:     5   Next: 10%
Magic:  7/7        EV:  2    Int: 10    God:
Gold:   147        SH:  4    Dex: 13    Spells: 4/4 levels left

rFire   + . .      SeeInvis .    a - +1 war axe
rCold   + . .      Faith    .    c - +0 buckler
rNeg    . . .      Spirit   .    h - +0 gold dragon scales
rPois   +          Reflect  .    (no helmet)
rElec   .          Rampage  .    (no cloak)
rCorr   .                        (no gloves)
Will    .....                    (no boots) Stlth
                                 (no amulet)
HPRegen 0.27/turn                (no ring)
MPRegen 0.10/turn                (no ring)

@: no status effects
A: high MP 1, forlorn, divine attributes
a: no special abilities


You were on level 5 of the Dungeon.
You visited 1 branch of the dungeon, and saw 4 of its levels.

You collected 147 gold pieces.

Inventory:

Hand Weapons
 a - a +1 war axe (weapon)
 e - a +0 spear
Missiles
 f - 20 stones
 i - 5 datura-tipped darts (quivered)
 k - 5 poisoned darts
Armour
 b - a +0 scale mail
 c - a +0 buckler (worn)
 d - a +0 plate armour
 h - +0 gold dragon scales (worn)
 l - a +2 chain mail of poison resistance
Scrolls
 g - 2 scrolls of teleportation
 j - 2 scrolls of identify
Potions
 m - a potion of lignification {unknown}


   Skills:
 + Level 3.5 Fighting
 * Level 4.0 Axes
 + Level 3.2 Armour
 + Level 0.3 Dodging
 + Level 2.9 Shields


You had 4 spell levels left.
You didn't know any spells.
Your spell library contained the following spells:

 Spells                   Type           Power      Damage    Failure   Level
 Beastly Appendage        Tmut           0%         N/A       100%        1
 Wereblood                Tmut           0%         N/A       100%        2
 Spider Form              Tmut/Pois      0%         N/A       100%        3


Dungeon Overview and Level Annotations

Branches:
Dungeon (5/15)
 Temple: D:4-7


Innate Abilities, Weirdness & Mutations

You have an increased reservoir of magic. (+10% MP)
You shall have no god before yourself.
Your divine heritage dramatically boosts your attributes as you level up.


Message History

The orc priest begins to cast a cantrip, but forgets the words!
The orc wizard gestures at you while chanting.
You resist with some effort.
You slash the orc wizard!
You kill the orc wizard!
The adder bites you but does no damage.
You have reached level 5!
You slash the adder!
You kill the adder!
You hit the orc.
The orc is moderately wounded.
The orc hits you but does no damage.
The orc priest hits you but does no damage.
The orc hits you but does no damage.
The orc priest hits you but does no damage.
You barely miss the orc.
The orc is moderately wounded.
The orc priest hits you from afar with a +0 trident.
The orc hits you but does no damage.
You slash the orc!
You kill the orc!
The orc priest calls down the wrath of Beogh upon you.
Beogh smites you!
Your Axes skill increases to level 4!
You block the orc priest's attack.
Items here: ))) [[ †††.
You barely miss the orc priest.
The orc priest calls down the wrath of Beogh upon you.
Beogh smites you!
The orc priest hits you with a +0 trident.
You hit the orc priest but do no damage.
The orc priest hits you with a +0 trident.
* * * LOW HITPOINT WARNING * * *
You barely miss the orc priest.
The orc priest hits you but does no damage.
You hit the orc priest.
The orc priest is moderately wounded.
The orc priest invokes the aid of Beogh against you.
Beogh smites you!
You die... .#.......... .......... ........ #...... ..... oso

.... #o# ...#
#@# #.#.# .
#.#####....#
... #.........#
....##.[.....##
............##
....#....)..#
............#
....#.#.....#
...#..#....<#


You could see a scorpion, an orc priest and 2 orcs.

Vanquished Creatures
  A scorpion (D:4)
  A jelly (D:4)
  An orc wizard (D:5)
  2 adders
  A worm (D:4)
  2 dart slugs
  2 orcs (D:5)
  2 bats (D:1)
  5 endoplasms
  A giant cockroach (D:1)
  3 goblins (D:4)
  2 hobgoblins
  3 jackals (D:1)
  6 kobolds
  A quokka (D:2)
  A ball python (D:4)
  2 frilled lizards
  2 rats
38 creatures vanquished.

Notes
Turn   | Place    | Note
-------+----------+-------------------------------------------
     0 | D:1      | Mickster the Demigod Fighter began the quest for the Orb.
     0 | D:1      | Reached XP level 1. HP: 18/18 MP: 3/3
   252 | D:1      | Reached XP level 2. HP: 25/25 MP: 4/4
   343 | D:2      | Reached skill level 2 in Axes
   770 | D:2      | You fall into a shaft and drop 2 floors!
   980 | D:4      | Noticed a scorpion
   988 | D:4      | Killed a scorpion
   989 | D:4      | Reached XP level 3. HP: 22/31 MP: 5/5
   989 | D:4      | Reached XP level 4. HP: 27/38 MP: 6/6
  1034 | D:4      | Reached skill level 3 in Axes
  1886 | D:5      | Entered Level 5 of the Dungeon
  1905 | D:5      | Reached XP level 5. HP: 44/45 MP: 7/7
  1909 | D:5      | Reached skill level 4 in Axes
  1913 | D:5      | Killed from afar by an orc priest

Illustrated notes

Levels and vault maps discovered:
D:1:      minmay_arrival_wavy_path, layout_basic, minmay_split_cup_large
D:2:      layout_basic
D:4:      layout_basic, lightli_sewer_entry_pipes
D:5:      layout_rooms, sigmund_edmund_badplayer

Skill      XL: |  1  2  3  4  5 |
---------------+----------------+-----
Armour         | 3 |  3.2
Axes           | 2 3 4 |  4.0
Fighting       | 3 |  3.5
Dodging        | |  0.3
Shields        | |  2.9

Action                     |  1- 3 |  4- 6 || total
---------------------------+-------+-------++-------
  Melee: War axe           |    64 |    51 ||   115
    Use: Potion            |     2 |       ||     2
         Scroll            |     4 |     1 ||     5
 Armour: Scale mail        |    36 |       ||    36
         Gold dragon scale |     8 |    39 ||    47
  Dodge: Dodged            |    32 |     2 ||    34
  Block: Buckler           |    12 |    12 ||    24

Table legend: (Time is in decaauts)
 A = Elapsed time spent in this place.
 B = Non-inter-level travel time spent in this place.
 C = Inter-level travel time spent in this place.
 D = Time resting spent in this place.
 E = Time spent auto-exploring this place.
 F = Levels seen in this place.
 G = Mean time per level.
                   A        B        C        D        E       F      G
               +--------+--------+--------+--------+--------+-----+--------+
         Total |   1970 |   1681 |    289 |    151 |      0 |   4 |  492.5 |
       Dungeon |   1970 |   1681 |    289 |    151 |      0 |   4 |  492.5 |
               +--------+--------+--------+--------+--------+-----+--------+

Top non-repeatable levels by time:
     D:4: 1134 daAuts
     D:2: 446 daAuts
     D:1: 358 daAuts
     D:5: 31 daAuts
